 Dungeon Crawl Stone Soup version 0.24.0-123-gd5b16e6ec5 (webtiles) character file.

Game seed: 6003931038843805325, levelgen mode: deterministic

1586 Curus the Carver (level 8, -14/64 HPs)
             Began as a Minotaur Monk on Jan 12, 2020.
             Was a Believer of Okawaru.
             Demolished by an ogre
             ... wielding a +0 giant spiked club
              (19 damage)
             ... on level 6 of the Dungeon.
             The game lasted 00:22:52 (4762 turns).

Curus the Carver (Minotaur Monk)                    Turns: 4762, Time: 00:22:52

Health: -14/64     AC: 17    Str: 21    XL:     8   Next: 61%
Magic:  6/7        EV:  4    Int:  7    God:    Okawaru [**....]
Gold:   421        SH:  8    Dex: 15    Spells: 7/7 levels left

rFire    . . .     SeeInvis +   s - +1 long sword
rCold    . . .     Gourm    .   m - +0 shield
rNeg     . . .     Faith    .   d - +3 plate armour
rPois    .         Spirit   .   (helmet restricted)
rElec    .         Reflect  .   (no cloak)
rCorr    .         Harm     .   g - +1 pair of gloves
MR       .....                  p - +1 pair of boots
Stlth    ..........             (no amulet)
HPRegen  0.20/turn              u - ring of see invisible
MPRegen  0.10/turn              w - +5 ring of strength

@: lethally poisoned (-14 -> -15)
A: retaliatory headbutt, horns 2
a: Heroism, Renounce Religion


You were on level 6 of the Dungeon.
You worshipped Okawaru.
Okawaru was pleased with you.
You were not hungry.

You visited 2 branches of the dungeon, and saw 7 of its levels.

You collected 421 gold pieces.

Inventory:

Hand Weapons
 a - a +1 falchion
 n - a +2 falchion of electrocution
 s - a +1 long sword (weapon)
Armour
 b - a +0 robe
 d - a +3 plate armour (worn)
 g - a +1 pair of gloves (worn)
 m - a +0 shield (worn)
 p - a +1 pair of boots (worn)
 t - a +0 buckler
Jewellery
 e - an uncursed ring of teleportation
 u - a ring of see invisible (left hand)
 w - a +5 ring of strength (right hand)
Wands
 l - a wand of paralysis (9)
 v - a wand of disintegration (13)
Scrolls
 f - 3 scrolls of identify
 i - a scroll of blinking
 j - 2 scrolls of magic mapping
 k - a scroll of teleportation
 q - 2 scrolls of remove curse
Potions
 h - a potion of curing
 o - a potion of invisibility
Comestibles
 c - 15 rations


   Skills:
 - Level 3.6 Fighting
 + Level 13.0 Long Blades
 - Level 3.2 Dodging
 - Level 1.5 Stealth


You had 7 spell levels left.
You didn't know any spells.
Your spell library contained the following spells:

 Spells                   Type           Power        Failure   Level  Hunger
 Freeze                   Ice            #...         100%        1    ##.....
 Throw Frost              Conj/Ice       #.....       100%        2    ###....
 Ozocubu's Armour         Chrm/Ice       #.......     100%        3    ####...
 Summon Ice Beast         Ice/Summ       #.......     100%        4    #####..
 Throw Icicle             Conj/Ice       #.......     100%        4    #####..


Dungeon Overview and Level Annotations

Branches:
Dungeon (6/15)             Temple (1/1) D:6

Altars:
Dithmenos
Fedhas
Gozag
Hepliaklqana
Kikubaaqudgha
Okawaru
Qazlal
Sif Muna
Trog
Uskayaw
Xom


Innate Abilities, Weirdness & Mutations

You reflexively headbutt those who attack you in melee.
You have a pair of horns on your head.


Message History

You furiously retaliate!
You headbutt the ogre. You slash the ogre!
The ogre is heavily wounded.
You block the ogre's attack.
You slash the ogre!
The ogre is severely wounded.
You hit the ogre but do no damage.
The ogre is severely wounded.
You feel sick.
The ogre hits you with a +0 giant spiked club!
* * * LOW HITPOINT WARNING * * *
You hit the ogre.
The ogre is almost dead.
The ogre barely misses you.
You hit the ogre.
The ogre is almost dead.
You hit the ogre but do no damage.
The ogre is almost dead.
The ogre hits you with a +0 giant spiked club!!
You die...

#......###########.#....
#......# #.#.... #......#
####.#.... #......# #....#....
#......## #†####....
#######....#..## ####<..##....
#.........###..# #....#.......
#.####...##$##.###.######.....
##....#5O@...#.#...##.....
##..#.##.##.#...#.#.##.#.##
#..####. ####......##.#...
#.## .. ##.#.####.#### #..####
####..#.# #)# ##..#.##
##.#..##.####.# ##.....#
#....###.##...# #.....##
##.### #.##.### #.##...###..#
#....#


You could see an ogre and a crimson imp.

Vanquished Creatures
  Menkaure (D:5)
  A sky beast (D:6)
  2 orc warriors (D:6)
  An ogre (D:4)
  A centaur (D:6)
  A scorpion (D:5)
  6 killer bees (D:6)
  The ghost of Raviolo the Shooter, a weakling CeHu (D:3)
  A crimson imp (D:6)
  3 orc priests (D:6)
  A centaur skeleton (D:4)
  3 hounds
  2 orc wizards
  6 worker ants
  A hound skeleton (D:6)
  8 gnolls
  4 adders
  2 oozes (D:2)
  An adder skeleton (D:4)
  5 worms
  2 dart slugs
  2 leopard geckos
  8 orcs
  6 bats
  6 giant cockroaches
  4 goblins
  6 hobgoblins
  6 jackals
  9 kobolds
  A quokka (D:3)
  A ball python (D:3)
  6 frilled lizards
  A jackal skeleton (D:5)
  A leopard gecko skeleton (D:5)
  A leopard gecko zombie (D:5)
  A quokka skeleton (D:4)
  6 rats
118 creatures vanquished.

Notes
Turn   | Place    | Note
-------+----------+-------------------------------------------
     0 | D:1      | Curus the Minotaur Monk began the quest for the Orb.
     0 | D:1      | Reached XP level 1. HP: 19/19 MP: 0/0
    27 | D:1      | Reached skill level 4 in Long Blades
    67 | D:1      | Reached XP level 2. HP: 13/26 MP: 1/1
   589 | D:1      | Reached skill level 5 in Long Blades
   820 | D:1      | Reached XP level 3. HP: 30/31 MP: 2/2
  1330 | D:2      | Found a shadowy altar of Dithmenos.
  1543 | D:2      | You fall into a shaft and drop 2 floors!
  1586 | D:4      | Reached skill level 6 in Long Blades
  1586 | D:4      | Reached XP level 4. HP: 39/39 MP: 3/3
  1681 | D:3      | Found a runed translucent door.
  1686 | D:3      | Noticed Raviolo's ghost (weakling CeHu)
  1706 | D:3      | Killed Raviolo's ghost
  1706 | D:3      | Reached skill level 7 in Long Blades
  1706 | D:3      | Reached XP level 5. HP: 45/45 MP: 4/4
  2028 | D:2      | Found a hazy altar of Hepliaklqana.
  2286 | D:3      | You fall into a shaft and drop 3 floors!
  2376 | D:6      | Reached skill level 8 in Long Blades
  2383 | D:6      | Noticed an orc warrior
  2390 | D:6      | Noticed a centaur
  2395 | D:6      | Killed an orc warrior
  2395 | D:6      | Reached XP level 6. HP: 45/51 MP: 5/5
  2400 | D:6      | Reached skill level 9 in Long Blades
  2553 | D:5      | Entered Level 5 of the Dungeon
  2706 | D:5      | Reached XP level 7. HP: 57/57 MP: 6/6
  2796 | D:5      | Reached skill level 10 in Long Blades
  3962 | D:5      | Noticed Menkaure
  3969 | D:5      | Killed Menkaure
  3969 | D:5      | Reached skill level 11 in Long Blades
  3979 | D:5      | Found an opulent altar of Gozag.
  4309 | D:6      | Reached XP level 8. HP: 64/64 MP: 7/7
  4351 | D:6      | Paralysed by an orc warrior for 7 turns
  4362 | D:6      | Paralysed by an orc warrior for 3 turns
  4370 | D:6      | Reached skill level 12 in Long Blades
  4427 | D:6      | Found a staircase to the Ecumenical Temple.
  4436 | Temple   | Entered the Ecumenical Temple
  4459 | Temple   | Became a worshipper of Warmaster Okawaru
  4459 | Temple   | Reached * piety under Okawaru
  4459 | Temple   | Reached ** piety under Okawaru
  4752 | D:6      | Reached skill level 13 in Long Blades
  4762 | D:6      | Demolished by an ogre

Levels and vault maps discovered:
D:1:      elethiomel_arrival_infinity_welcomes_careful_drivers,
          layout_loops_corners, serial_co_window_serial,
          co_window_of_opportunity_a, co_window_corner_a, co_window_corner_a,
          co_window_corner_a, co_window_of_opportunity_a,
          co_window_of_opportunity_b, co_window_paths_c, co_window_corner_b,
          co_window_broadway_b, co_window_of_opportunity_b,
          co_window_of_opportunity_c, co_window_of_opportunity_b,
          co_window_paths_d, glass_columns_b
D:2:      layout_basic, grunt_dithmenos_smoke_and_mirrors,
          lemuel_coloured_pillars_altar, first_ration, minivault_4
D:3:      layout_basic, ebering_ghost_sewer_d
D:4:      layout_basic
D:5:      layout_layer_cave, nicolae_gozag_seed_capital, uniq_menkaure
D:6:      layout_basic, marbit_many_paths, minmay_temple_entry_junction_2,
          minmay_fractal_squares_gapless_5
Temple:   hc_temple_tempest_star

Skill      XL: |  1  2  3  4  5  6  7  8 |
---------------+-------------------------+-----
Long Blades    | 4 5 6 7 8 9 11 13 | 13.0
Fighting       | |  3.6
Dodging        | |  3.2
Stealth        | |  1.5

Action                   |  1- 3 |  4- 6 |  7- 9 || total
-------------------------+-------+-------+-------++-------
Melee: Falchion          |   100 |    70 |    11 ||   181
       Headbutt          |    14 |    13 |    33 ||    60
       Long sword        |       |       |   174 ||   174
Invok: Heroism           |       |       |     2 ||     2
  Use: Scroll            |     7 |     2 |     5 ||    14
       Potion            |     6 |     1 |     6 ||    13
  Eat: Chunk             |     2 |     4 |     6 ||    12
Armor: Robe              |     1 |       |       ||     1
       Plate armour      |    47 |    39 |   116 ||   202
Dodge: Dodged            |    44 |     4 |    33 ||    81
Block: Shield            |       |    11 |    67 ||    78
       Rpst.: Falchion   |    12 |     2 |       ||    14
       Long sword        |       |       |     7 ||     7
